 Dungeon Crawl Stone Soup version 0.31-a0-354-g827e0957a7 (webtiles) character file.

Game seed: 16125216384765388474

3287 hashsling the Skirmisher (level 9, -14/47 HPs)
             Began as a Deep Elf Hexslinger on July 23, 2023.
             Was a Believer of Sif Muna.
             Demolished by a vault guard
             ... wielding a +0 broad axe
              (20 damage)
             ... on level 7 of the Dungeon on July 24, 2023.
             The game lasted 00:51:43 (5395 turns).

hashsling the Skirmisher (Deep Elf Hexslinger)      Turns: 5395, Time: 00:51:43

Health: -14/47     AC:  7    Str:  9    XL:     9   Next: 69%
Magic:  3/23       EV: 18    Int: 29    God:    Sif Muna [**....]
Gold:   301        SH:  0    Dex: 25    Spells: 3/24 levels left

rFire   . . .        h - +4 sling (flame)
rCold   . . .        (no shield)
rNeg    . . .        i - +4 robe of Augmentation {Str+4 Int+4 Dex+4}
rPois   .            (no helmet)
rElec   .            (no cloak)
rCorr   .            (no gloves)
SInv    .            t - +0 pair of boots of the Fiend {Fly}
Will    .....        d - amulet of regeneration
Stlth   ++           y - +6 ring of intelligence
HPRegen 1.07/turn    (no ring)
MPRegen 0.18/turn

%: no passive effects
@: flying
A: no striking features
a: Renounce Religion, Channel Magic


You were on level 7 of the Dungeon.
You worshipped Sif Muna.
Sif Muna was pleased with you.
You visited 1 branch of the dungeon, and saw 9 of its levels.
You also visited: Bailey.

You collected 301 gold pieces.

Inventory:

Hand Weapons
 h - a +4 sling of flaming (weapon)
 j - a +1 short sword of draining
Armour
 i - the +4 robe of Augmentation (worn) {Str+4 Int+4 Dex+4}
   (You found it on level 2 of the Dungeon)

   Str:       It affects your strength (+4).
   Int:       It affects your intelligence (+4).
   Dex:       It affects your dexterity (+4).
 t - the +0 pair of boots of the Fiend (worn) {Fly}
   (You found it on level 6 of the Dungeon)

   Fly:       It grants you flight.
Jewellery
 d - an amulet of regeneration (around neck)
 n - a ring of protection from fire
 y - a +6 ring of intelligence (left hand)
Wands
 s - a wand of charming (6)
Scrolls
 a - 2 scrolls of amnesia
 b - 2 scrolls of poison
 l - a scroll of identify
 m - a scroll of revelation
 p - 2 scrolls of enchant armour {unknown}
 r - 2 scrolls of torment {unknown}
 u - a scroll of teleportation {unknown}
 w - a scroll of noise {unknown}
Potions
 f - a potion of might {unknown}
 g - 2 potions of degeneration {unknown}
 k - a potion of attraction {unknown}
 o - a potion of invisibility {unknown}
 q - a potion of berserk rage {unknown}
 v - 2 potions of lignification {unknown}
 x - 2 potions of curing {unknown}


   Skills:
 - Level 1.0 Fighting
 * Level 11.5 Ranged Weapons
 + Level 7.6 Dodging
 + Level 8.0 Spellcasting
 + Level 7.9 Hexes
 - Level 4.0 Translocations


You had 3 spell levels left.
You knew the following spells:

 Your Spells              Type           Power      Damage    Failure   Level
a - Slow                  Hex            100%       N/A       1%          1
b - Inner Flame           Hex/Fire       34%        N/A       2%          3
c - Portal Projectile     Hex/Tloc       92%        N/A       1%          3
d - Cause Fear            Hex            27%        N/A       1%          4
e - Fulminant Prism       Conj/Hex       17%        3d10      9%          4
f - Gell's Gravitas       Tloc           34%        N/A       2%          3
g - Teleport Other        Tloc           34%        N/A       2%          3

Your spell library contained the following spells:

 Spells                   Type           Power      Damage    Failure   Level
 Magic Dart               Conj           44%        1d5       4%          1
 Sandblast                Erth           22%        2d7       4%          1
 Passwall                 Tmut/Erth      9%         N/A       7%          2
 Searing Ray              Conj           22%        2d5       7%          2
 Stone Arrow              Conj/Erth      22%        3d8       14%         3
 Dispersal                Tloc           17%        N/A       80%         6


Dungeon Overview and Level Annotations

Branches:
Dungeon (9/15)             Temple (0/1) D:7          Bailey (visited)
   Lair: D:8-11         Orc: D:9-12

Altars:
Sif Muna

Shops:
D:7 =


Message History

Confirm with . or Enter, or press ? or * to list all spells.
Aiming: Slow (safe; 1% risk of failure)
Press: ? - help, Shift-Dir - straight line, f - vault guard
Aim: a vault guard, wielding a +0 broad axe and wearing a +0 plate armour (chance to affect: 23%)
The vault guard resists with almost no effort.
The vault guard hits you with a +0 broad axe!!
Ouch! That really hurt!
The vault guard attacks as you move away!
The vault guard closely misses you.
The vault guard attacks as you move away!
The vault guard closely misses you.
Things that are here:
a +0 hand axe; a +0 leather armour; a gnoll skeleton
There is an open door here.
Items here: )) [[ ÷.
Things that are here:
a +0 war axe; a +0 ring mail
There is a gate leading back out of this place, spattered with blood here.
The vault guard hits you with a +0 broad axe!
* * * LOW HITPOINT WARNING * * *
Welcome back to the Dungeon!
There is an empty arch of ancient stone here.
The vault guard attacks as you move away!
The vault guard hits you with a +0 broad axe.
* * * LOW HITPOINT WARNING * * *
Casting: Slow (safe; 1% risk of failure)
Confirm with . or Enter, or press ? or * to list all spells.
Aiming: Slow (safe; 1% risk of failure)
Press: ? - help, Shift-Dir - straight line, f - vault guard
Aim: a vault guard, wielding a +0 broad axe and wearing a +0 plate armour (chance to affect: 23%)
The vault guard resists with almost no effort.
The vault guard hits you with a +0 broad axe!
* * * LOW HITPOINT WARNING * * *
Casting: Slow (safe; 1% risk of failure)
Confirm with . or Enter, or press ? or * to list all spells.
Okay, then.
Okay, then.
It was a potion of cancellation.
You feel magically purged.
The vault guard hits you with a +0 broad axe!!
You die...

,,,** *,....,, ,,,,* *,...,,,
,,,,* ##.#***, ,,,,*
#########..##### ,,,,*
####............... ,,,,**
##.....#*#.......#**
,,,..#####*###......###.##....# *
,,,#......##............#.....# *
,,,**#.........)@.(.#####.....# *
,,,....###.(..)∩p...# #.....# *
**#.**** ##....)....# #.#...# *
*.##** #.........#####.#.>.# *
*,...* #..............⌠...## *
**####.####.......###........#***
,,...../..........###(.⌠.>.⌠.#*,,
,,...................#.....^.#.,,
,**###....##.....###.....⌠..(..,,


You could see a vault guard.

Vanquished Creatures
  Prince Ribbit (Bailey)
  Sigmund (D:6)
  4 humans (Bailey)
  An orc warrior (D:6)
  A phantom (D:4)
  A kobold brigand (D:7)
  15 bullfrogs
  A scorpion (D:5)
  3 wights (D:7)
  2 hounds
  4 jellies
  4 iguanas
  2 orc wizards
  Natasha (thrice) (D:2)
  16 gnolls
  7 adders
  A white imp (D:6)
  An ufetubus (D:5)
  A worm (D:4)
  2 dart slugs
  9 orcs
  An endoplasm (D:1)
  2 giant cockroaches
  7 goblins
  5 hobgoblins
  A quokka (D:2)
  3 ball pythons
  5 bats
  6 frilled lizards
  9 kobolds
  A rat (D:3)
120 creatures vanquished.

Vanquished Creatures (collateral kills)
  2 humans (Bailey)
  An orc warrior (Bailey)
  3 gnolls (Bailey)
  An orc (Bailey)
7 creatures vanquished.

Vanquished Creatures (others)
  4 fulminant prisms
4 creatures vanquished.

Grand Total: 131 creatures vanquished

Notes
Turn   | Place    | Note
-------+----------+-------------------------------------------
     0 | D:1      | hashsling the Deep Elf Hexslinger began the quest for the
                  | Orb.
     0 | D:1      | Reached XP level 1. HP: 11/11 MP: 5/5
   354 | D:1      | Reached skill level 3 in Ranged Weapons
   532 | D:1      | Reached skill level 1 in Fighting
   583 | D:1      | Reached XP level 2. HP: 16/16 MP: 6/6
   851 | D:2      | Reached XP level 3. HP: 20/20 MP: 6/8
   902 | D:2      | Reached skill level 4 in Ranged Weapons
  1010 | D:2      | Reached XP level 4. HP: 25/25 MP: 10/10
  1063 | D:2      | Found the +4 robe of Augmentation {Str+4 Int+4 Dex+4}
  1064 | D:2      | Noticed Natasha
  1066 | D:2      | Killed Natasha
  1109 | D:2      | Noticed Natasha
  1116 | D:2      | Killed Natasha
  1117 | D:2      | Reached skill level 5 in Ranged Weapons
  1121 | D:2      | Learned a level 3 spell: Inner Flame
  1125 | D:2      | Learned a level 3 spell: Portal Projectile
  1136 | D:2      | Noticed Natasha
  1142 | D:2      | Killed Natasha
  1143 | D:2      | Reached XP level 5. HP: 29/29 MP: 9/12
  1431 | D:3      | Found a faded altar of an unknown god.
  2319 | D:4      | Noticed a phantom
  2331 | D:4      | Killed a phantom
  2332 | D:4      | Reached skill level 6 in Ranged Weapons
  2332 | D:4      | Reached XP level 6. HP: 34/34 MP: 6/14
  2649 | D:5      | Entered Level 5 of the Dungeon
  2655 | D:5      | Learned a level 4 spell: Cause Fear
  2958 | D:5      | Reached skill level 7 in Ranged Weapons
  3216 | D:5      | Reached XP level 7. HP: 38/38 MP: 16/16
  3635 | D:5      | Reached skill level 5 in Spellcasting
  3676 | D:5      | Reached skill level 5 in Dodging
  3782 | D:6      | Noticed Sigmund
  3944 | D:6      | Killed Sigmund
  3945 | D:6      | Reached skill level 5 in Hexes
  4014 | D:6      | Identified the +0 pair of boots of the Fiend {Fly}
  4076 | D:6      | Reached skill level 8 in Ranged Weapons
  4295 | D:6      | Found a shimmering blue altar of Sif Muna.
  4300 | D:6      | Became a worshipper of Sif Muna the Loreminder
  4306 | D:6      | Learned a level 4 spell: Fulminant Prism
  4353 | D:6      | Reached XP level 8. HP: 43/43 MP: 13/18
  4781 | D:7      | Found Upnug's Jewellery Boutique.
  4807 | D:7      | Reached skill level 9 in Ranged Weapons
  4816 | D:7      | Found a staircase to the Ecumenical Temple.
  4859 | D:7      | Found a flagged portal.
  4883 | D:7      | You are sucked into a shaft and drop 2 floors!
  4938 | Bailey   | Entered a bailey
  4949 | Bailey   | Reached * piety under Sif Muna
  4950 | Bailey   | Reached skill level 1 in Translocations
  4976 | Bailey   | Reached skill level 10 in Ranged Weapons
  4979 | Bailey   | Reached XP level 9. HP: 32/47 MP: 1/21
  5089 | Bailey   | Learned a level 3 spell: Gell's Gravitas
  5093 | Bailey   | Learned a level 3 spell: Teleport Other
  5242 | Bailey   | Reached skill level 11 in Ranged Weapons
  5273 | Bailey   | Reached ** piety under Sif Muna
  5357 | Bailey   | Noticed Prince Ribbit
  5363 | Bailey   | Noticed a vault guard
  5373 | Bailey   | Killed Prince Ribbit
  5379 | Bailey   | Noticed a vault guard
  5395 | D:7      | Demolished by a vault guard

Illustrated notes

Levels and vault maps discovered:
D:1:      ncdulo_wetmaze, layout_basic
D:2:      layout_basic, minmay_goblin_outpost, uniq_natasha
D:3:      layout_basic, shapermc_ecumenical_altar_notcrosses
D:4:      layout_basic, moated_statue
D:5:      layout_basic
D:6:      layout_cave_pools, kennysheep_little_box, roderic_roman_lattice,
          dreamdust_gnoll_farm, uniq_sigmund
D:7:      layout_rooms, temple_fountains, serial_shops, shop, enter_bailey_2
D:8:      layout_loops_ring, serial_bayou_pond_c, minivault_1
D:9:      layout_basic, mainiacjoe_overflow_paths,
          onia_ninara_dug_in_and_dangerous

Skill      XL: |  1  2  3  4  5  6  7  8  9 |
---------------+----------------------------+-----
Ranged Weapons | 3 4 5 6 7 8 10 11 | 11.5
Fighting       | 1 |  1.0
Dodging        | 3 4 5 6 7 |  7.6
Spellcasting   | 2 3 4 5 7 8 |  8.0
Hexes          | 5 6 7 |  7.9
Translocations | 3 4 |  4.0

Action                     |  1- 3 |  4- 6 |  7- 9 || total
---------------------------+-------+-------+-------++-------
   Fire: Sling             |    48 |   103 |   178 ||   329
   Cast: Slow              |     1 |    10 |    37 ||    48
         Portal Projectile |       |     2 |     8 ||    10
         Inner Flame       |       |     3 |     6 ||     9
         Cause Fear        |       |       |     7 ||     7
         Fulminant Prism   |       |       |     4 ||     4
         Gell's Gravitas   |       |       |     5 ||     5
         Teleport Other    |       |       |     1 ||     1
  Evoke: Wand              |       |       |     3 ||     3
    Use: Scroll            |       |       |     5 ||     5
         Potion            |       |       |     1 ||     1
 Armour: Robe              |     1 |     4 |    21 ||    26
  Dodge: Dodged            |    23 |     5 |    85 ||   113

Table legend: (Time is in decaauts)
 A = Elapsed time spent in this place.
 B = Non-inter-level travel time spent in this place.
 C = Inter-level travel time spent in this place.
 D = Time resting spent in this place.
 E = Time spent auto-exploring this place.
 F = Levels seen in this place.
 G = Mean time per level.
                   A        B        C        D        E       F      G
               +--------+--------+--------+--------+--------+-----+--------+
         Total |   5408 |   5247 |    161 |      0 |   3982 |  10 |  540.8 |
       Dungeon |   4965 |   4804 |    161 |      0 |   3795 |   9 |  551.7 |
        Bailey |    443 |    443 |      0 |      0 |    187 |   1 |  443.0 |
               +--------+--------+--------+--------+--------+-----+--------+

Top non-repeatable levels by time:
     D:5: 1201 daAuts
     D:6: 890 daAuts
     D:4: 858 daAuts
     D:1: 844 daAuts
     D:3: 615 daAuts
  Bailey: 443 daAuts
     D:2: 383 daAuts
     D:7: 163 daAuts
     D:8: 4 daAuts
     D:9: 3 daAuts
